AA CENTRAL
SAN ANTONIO MISSIONS @ TULSA DRILLERS
08/09/2041
 
TOP OF THE 1ST
San Antonio Missions batting - Pitching for Tulsa Drillers : RHP Lúcio Burgos
Pitching: RHP Lúcio Burgos
Batting: RHB José Beltrán 0-0: Ball
1-0: Foul Ball, location: 23FF
1-1: Ground out 6-3 (Groundball, 6, EV 98.8 MPH)
Batting: RHB Tim James 0-0: Ground out 4-3 (Groundball, 4, EV 105.0 MPH)
Batting: LHB Ignacio Villa 0-0: Foul Ball, location: 23FF
0-1: Ball
1-1: DOUBLE (Flyball, 7LD, EV 105.6 MPH)
Batting: RHB Luis Miguel Ortíz 0-0: Foul Ball, location: 9LMF
0-1: Swinging Strike
0-2: Ball
1-2: Strikes out swinging
Top of the 1st over - 0 runs, 1 hit, 0 errors, 1 left on base; San Antonio 0 - Tulsa 0
BOTTOM OF THE 1ST
Tulsa Drillers batting - Pitching for San Antonio Missions : RHP José Martínez
Pitching: RHP José Martínez
Batting: RHB Alfredo Gutiérrez 0-0: Called Strike
0-1: Ball
1-1: Ball
2-1: Foul Ball, location: 9LSF
2-2: Foul Ball, location: 25F
2-2: Fly out, F8 (Flyball, 8RD, EV 103.8 MPH)
Batting: LHB Gene Owen 0-0: Called Strike
0-1: Ball
1-1: Called Strike
1-2: Strikes out looking
Batting: RHB Aodhán Drinkall 0-0: Called Strike
0-1: Ball
1-1: Ball
2-1: Ball
3-1: Base on Balls
Batting: RHB Ron Richardson 0-0: Foul Ball, location: 2F
0-1: Ball
1-1: Ball
2-1: Swinging Strike
2-2: Foul Ball, location: 5FF
2-2: Strikes out swinging
Bottom of the 1st over - 0 runs, 0 hits, 0 errors, 1 left on base; San Antonio 0 - Tulsa 0
TOP OF THE 2ND
San Antonio Missions batting - Pitching for Tulsa Drillers : RHP Lúcio Burgos
Batting: RHB Jorge Cabrera 0-0: Foul Ball, location: 5SF
0-1: Called Strike
0-2: Strikes out swinging
Batting: SHB Kakuzo Eida 0-0: Ball
1-0: Foul Ball, location: 23F
1-1: Fly out, F8 (Flyball, 8LM, EV 74.4 MPH)
Batting: RHB John Howatt 0-0: Ball
1-0: Called Strike
1-1: Foul Ball, location: 9LSF
1-2: Ball
2-2: Ball
3-2: Base on Balls
Batting: LHB Greg Nikorak 0-0: Called Strike
0-1: Called Strike
0-2: Ball
1-2: Ball
2-2: Strikes out looking
Top of the 2nd over - 0 runs, 0 hits, 0 errors, 1 left on base; San Antonio 0 - Tulsa 0
BOTTOM OF THE 2ND
Tulsa Drillers batting - Pitching for San Antonio Missions : RHP José Martínez
Batting: RHB Tim Bi 0-0: Ground out 1-3 (Groundball, 15, EV 68.8 MPH)
Batting: RHB Dan Moncrieffe 0-0: Fly out, F4 (Line Drive, 4, EV 63.8 MPH)
Batting: RHB Greg Tillett 0-0: Called Strike
0-1: Ball
1-1: Ball
2-1: SINGLE (Line Drive, 8LS, EV 105.6 MPH)
Batting: RHB Tadanobu Ichihara 0-0: Ball
1-0: Swinging Strike
1-1: Foul Ball, location: 3FF
1-2: Foul Ball, location: 2F
1-2: Ball
2-2: Foul Ball, location: 5FF
2-2: Fly out, F8 (Flyball, 8LM, EV 92.5 MPH)
Bottom of the 2nd over - 0 runs, 1 hit, 0 errors, 1 left on base; San Antonio 0 - Tulsa 0
TOP OF THE 3RD
San Antonio Missions batting - Pitching for Tulsa Drillers : RHP Lúcio Burgos
Batting: LHB Greg Greene 0-0: Called Strike
0-1: Called Strike
0-2: Ball
1-2: Strikes out looking
Batting: RHB José Beltrán 0-0: Hit by Pitch
Batting: RHB Tim James 0-0: Called Strike
0-1: Ball
1-1: Ball
2-1: Fly out, F7 (Line Drive, 78M, EV 110.6 MPH)
Batting: LHB Ignacio Villa 0-0: Swinging Strike
0-1: Foul Ball, location: 2F
0-2: Ball
José Beltrán steals 2nd base
1-2: DOUBLE (Line Drive, 89XD, EV 101.9 MPH)
José Beltrán scores
Batting: RHB Luis Miguel Ortíz 0-0: Ball
1-0: Called Strike
1-1: Called Strike
1-2: Foul Ball, location: 5FF
1-2: Foul Ball, location: 5F
1-2: Strikes out swinging
Top of the 3rd over - 1 run, 1 hit, 0 errors, 1 left on base; San Antonio 1 - Tulsa 0
BOTTOM OF THE 3RD
Tulsa Drillers batting - Pitching for San Antonio Missions : RHP José Martínez
Batting: RHB Álex Chávez 0-0: Hit by Pitch
Batting: RHB Alfredo Gutiérrez 0-0: Ball
1-0: Bunted foul
1-1: Sac Bunt to 13S - play at first, batter OUT! 1-3
Álex Chávez to second
Batting: LHB Gene Owen 0-0: Swinging Strike
0-1: SINGLE (Groundball, 56D, EV 108.8 MPH)
Álex Chávez to third
Runner from 3rd tries for Home, SAFE, throw by LF to home
Batting: RHB Aodhán Drinkall 0-0: Ball
1-0: Called Strike
Pickoff Throw to First - Out! 1-3
1-1: Ball
2-1: Ball
3-1: Foul Ball, location: 2F
3-2: SOLO HOME RUN (Flyball, 9D, EV 100.6 MPH), Distance : 361 ft
Batting: RHB Ron Richardson 0-0: Ball
1-0: Fly out, F9 (Flyball, 89M, EV 81.9 MPH)
Bottom of the 3rd over - 2 runs, 2 hits, 0 errors, 0 left on base; San Antonio 1 - Tulsa 2
TOP OF THE 4TH
San Antonio Missions batting - Pitching for Tulsa Drillers : RHP Lúcio Burgos
Batting: RHB Jorge Cabrera 0-0: Ball
1-0: Called Strike
1-1: SINGLE (Line Drive, 9S, EV 91.3 MPH)
Batting: SHB Kakuzo Eida 0-0: Ball
1-0: Sac Bunt to 5S - play at first, batter OUT! 5-3
Jorge Cabrera to second
Batting: RHB John Howatt 0-0: Ball
1-0: Ball
2-0: Ball
3-0: Called Strike
3-1: Called Strike
3-2: Ground out 5-3 (Groundball, 5, EV 82.5 MPH)
Batting: LHB Greg Nikorak 0-0: Ball
1-0: Called Strike
1-1: Ball
2-1: Ball
3-1: Base on Balls
Batting: LHB Greg Greene 0-0: DOUBLE (Flyball, 8LXD, EV 110.6 MPH)
Jorge Cabrera scores
Greg Nikorak to third
Runner from 3rd tries for Home, throw by CF and OUT! 8-6-2
Top of the 4th over - 1 run, 2 hits, 0 errors, 1 left on base; San Antonio 2 - Tulsa 2
BOTTOM OF THE 4TH
Tulsa Drillers batting - Pitching for San Antonio Missions : RHP José Martínez
Batting: RHB Tim Bi 0-0: Ball
1-0: Ground out 6-3 (Groundball, 6, EV 105.0 MPH)
Batting: RHB Dan Moncrieffe 0-0: Foul Ball, location: 25FF
0-1: Ball
1-1: Ball
2-1: Foul Ball, location: 23F
2-2: Foul Ball, location: 3SF
2-2: Ground out 6-3 (Groundball, 6, EV 81.9 MPH)
Batting: RHB Greg Tillett 0-0: Called Strike
0-1: Ball
1-1: Foul Ball, location: 3FF
1-2: Foul Ball, location: 7LSF
1-2: Ball
2-2: Ball
3-2: Foul Ball, location: 2F
3-2: Ground out U3 (Groundball, 34, EV 88.8 MPH)
Bottom of the 4th over - 0 runs, 0 hits, 0 errors, 0 left on base; San Antonio 2 - Tulsa 2
TOP OF THE 5TH
San Antonio Missions batting - Pitching for Tulsa Drillers : RHP Lúcio Burgos
Batting: RHB José Beltrán 0-0: Foul Ball, location: 3FF
0-1: Ball
1-1: Called Strike
1-2: Ball
2-2: Ball
3-2: Foul Ball, location: 2RF
3-2: Ground out 1-3 (Groundball, 13S, EV 68.8 MPH)
Batting: RHB Tim James 0-0: Ball
1-0: SINGLE (Groundball, 4MD, EV 110.0 MPH)
Batting: LHB Ignacio Villa 0-0: Ball
1-0: Foul Ball, location: 7LDF
1-1: Fielders Choice at 2nd, 1-4 (Groundball, 15S, EV 65.6 MPH)
Batting: RHB Luis Miguel Ortíz 0-0: Ball
1-0: Ball
2-0: Ground out 2-3 (Groundball, 15S, EV 68.1 MPH)
Top of the 5th over - 0 runs, 1 hit, 0 errors, 1 left on base; San Antonio 2 - Tulsa 2
BOTTOM OF THE 5TH
Tulsa Drillers batting - Pitching for San Antonio Missions : RHP José Martínez
Batting: RHB Tadanobu Ichihara 0-0: Ball
1-0: Ground out 5-3 (Groundball, 5S, EV 81.3 MPH)
Batting: RHB Álex Chávez 0-0: Ball
1-0: Fly out, F7 (Flyball, 7, EV 84.4 MPH)
Batting: RHB Alfredo Gutiérrez 0-0: Fly out, F9 (Line Drive, 9LM, EV 93.8 MPH)
Bottom of the 5th over - 0 runs, 0 hits, 0 errors, 0 left on base; San Antonio 2 - Tulsa 2
TOP OF THE 6TH
San Antonio Missions batting - Pitching for Tulsa Drillers : RHP Lúcio Burgos
Batting: RHB Jorge Cabrera 0-0: Ball
1-0: Called Strike
1-1: Ball
2-1: Called Strike
2-2: Strikes out swinging
Batting: SHB Kakuzo Eida 0-0: Swinging Strike
0-1: Called Strike
0-2: SINGLE (Groundball, 6MD, EV 94.4 MPH)
Pitching: RHP José Martínez
Batting: RHB John Howatt 0-0: Grounds into double play, 6-4-3 (Groundball, 6, EV 80.6 MPH)
Top of the 6th over - 0 runs, 1 hit, 0 errors, 0 left on base; San Antonio 2 - Tulsa 2
BOTTOM OF THE 6TH
Tulsa Drillers batting - Pitching for San Antonio Missions : RHP José Martínez
Batting: LHB Gene Owen 0-0: Called Strike
0-1: Ball
1-1: Swinging Strike
1-2: Ball
2-2: Strikes out looking
Batting: RHB Aodhán Drinkall 0-0: Ball
1-0: SINGLE (Line Drive, 78M, EV 105.0 MPH)
Batting: RHB Ron Richardson 0-0: Ball
1-0: Swinging Strike
1-1: Grounds into double play, 5-4-3 (Groundball, 56, EV 81.3 MPH)
Bottom of the 6th over - 0 runs, 1 hit, 0 errors, 0 left on base; San Antonio 2 - Tulsa 2
TOP OF THE 7TH
San Antonio Missions batting - Pitching for Tulsa Drillers : RHP José Martínez
Batting: LHB Greg Nikorak 0-0: Ball
1-0: Ball
2-0: Ball
3-0: Base on Balls
Batting: LHB Greg Greene 0-0: Sac Bunt to 2L - play at first, batter OUT! 2-3
Greg Nikorak to second
Pinch Hitting: SHB Ignacio Archuleta 0-0: Ball
1-0: Foul Ball, location: 7LMF
1-1: Fly out, F3 (Popup, 34S, EV 69.4 MPH)
Batting: RHB Tim James 0-0: Called Strike
0-1: Ball
1-1: Foul Ball, location: 2F
1-2: Ball
2-2: Ball
3-2: SINGLE (Flyball, 4D, EV 93.1 MPH)
Greg Nikorak to third
Runner from 3rd tries for Home, SAFE, throw by CF to home
Batting: LHB Ignacio Villa 0-0: Foul Ball, location: 7LMF
0-1: Ground out 6-3 (Groundball, 6S, EV 91.9 MPH)
Top of the 7th over - 1 run, 1 hit, 0 errors, 1 left on base; San Antonio 3 - Tulsa 2
BOTTOM OF THE 7TH
Tulsa Drillers batting - Pitching for San Antonio Missions : RHP José Martínez
Now at SS: Luis Vázquez
Batting: RHB Tim Bi 0-0: Ball
1-0: Ball
2-0: SINGLE (Flyball, 5D, EV 88.1 MPH)
Batting: RHB Dan Moncrieffe 0-0: Ball
1-0: Called Strike
1-1: Ball
2-1: Sac Bunt to 3S - play at first, batter OUT! 3-4
Tim Bi to second
Batting: RHB Greg Tillett 0-0: Ball
1-0: Foul Ball, location: 25F
1-1: Called Strike
1-2: Ball
2-2: Foul Ball, location: 2F
2-2: Ball
3-2: Base on Balls
Pitching: RHP Danny Seals
Batting: RHB Tadanobu Ichihara 0-0: Called Strike
0-1: Foul Ball, location: 9LMF
0-2: Fly out, F7 (Flyball, 7, EV 93.1 MPH)
Pinch Hitting: LHB José Valdéz 0-0: Ball
1-0: Called Strike
1-1: Ball
2-1: Foul Ball, location: 7LSF
2-2: Fielders Choice at 2nd, 6-4 (Groundball, 6, EV 94.4 MPH)
Bottom of the 7th over - 0 runs, 1 hit, 0 errors, 2 left on base; San Antonio 3 - Tulsa 2
TOP OF THE 8TH
San Antonio Missions batting - Pitching for Tulsa Drillers : RHP José Martínez
Now at SS: Chris Thomas
Batting: RHB Luis Miguel Ortíz 0-0: Ball
1-0: Ball
2-0: Ball
3-0: Called Strike
3-1: Base on Balls
Batting: RHB Jorge Cabrera 0-0: Fielders Choice at 2nd, 2-6 (Groundball, 2R, EV 69.4 MPH)
Batting: SHB Kakuzo Eida 0-0: Called Strike
0-1: Ball
1-1: Foul Ball, location: 2F
1-2: Strikes out swinging
Pitching: RHP Brad Osborne
Batting: RHB John Howatt 0-0: Ball
1-0: Called Strike
1-1: Ball
2-1: Swinging Strike
2-2: Strikes out looking
Top of the 8th over - 0 runs, 0 hits, 0 errors, 1 left on base; San Antonio 3 - Tulsa 2
BOTTOM OF THE 8TH
Tulsa Drillers batting - Pitching for San Antonio Missions : RHP Danny Seals
Batting: RHB Alfredo Gutiérrez 0-0: Ball
1-0: Called Strike
1-1: Swinging Strike
1-2: Ball
2-2: Strikes out looking
Batting: LHB Gene Owen 0-0: Foul Ball, location: 2F
0-1: Ball
1-1: Foul Ball, location: 2F
1-2: Ball
2-2: Strikes out swinging
Batting: RHB Aodhán Drinkall 0-0: Foul Ball, location: 2F
0-1: Foul Ball, location: 2F
0-2: Strikes out swinging
Bottom of the 8th over - 0 runs, 0 hits, 0 errors, 0 left on base; San Antonio 3 - Tulsa 2
TOP OF THE 9TH
San Antonio Missions batting - Pitching for Tulsa Drillers : RHP Brad Osborne
Batting: LHB Greg Nikorak 0-0: Ball
1-0: Ball
2-0: Ball
3-0: Called Strike
3-1: Base on Balls
Batting: LHB Greg Greene 0-0: Ball
1-0: Sac Bunt to 2L - play at first, batter OUT! 2-3
Greg Nikorak to second
Batting: RHB Luis Vázquez 0-0: Ball
1-0: Ball
2-0: Called Strike
2-1: Called Strike
2-2: Strikes out swinging
Batting: RHB Tim James 0-0: Foul Ball, location: 3F
0-1: Ball
1-1: Fly out, F8 (Flyball, 8LM, EV 93.1 MPH)
Top of the 9th over - 0 runs, 0 hits, 0 errors, 1 left on base; San Antonio 3 - Tulsa 2
BOTTOM OF THE 9TH
Tulsa Drillers batting - Pitching for San Antonio Missions : RHP Danny Seals
Pitching: RHP Mike Cote
Now in LF: Mike Mack
Batting: RHB Ron Richardson 0-0: Ball
1-0: Foul Ball, location: 2F
1-1: SINGLE (Line Drive, 89D, EV 103.8 MPH)
Pinch Hitting: SHB Luis Manuel Zamora 0-0: Ball
1-0: Ball
2-0: Ball
3-0: Base on Balls
Ron Richardson to second
Batting: RHB Dan Moncrieffe 0-0: Called Strike
0-1: Swinging Strike
0-2: Ball
1-2: Ball
2-2: Strikes out swinging
Batting: RHB Greg Tillett 0-0: Ball
1-0: Called Strike
1-1: Foul Ball, location: 5SF
1-2: Foul Ball, location: 23F
1-2: Foul Ball, location: 23F
1-2: Strikes out swinging
Pinch Hitting: LHB Wilbert McDermid 0-0: Foul Ball, location: 2F
0-1: Ball
1-1: Foul Ball, location: 3F
1-2: Ground out U3 (Groundball, 3, EV 80.0 MPH)
Bottom of the 9th over - 0 runs, 1 hit, 0 errors, 2 left on base; San Antonio 3 - Tulsa 2
Monday, April 1st , 2024 - OOTP Baseball 24.10 Build 82